 Dungeon Crawl Stone Soup version 0.30-a0-279-g4b46babb21 (webtiles) character file.

Game seed: 14638233405486907775

54 lunkers the Cudgeller (level 3, -9/28 (31) HPs)
             Began as an Armataur Reaver on Oct 16, 2022.
             Killed by nerve-wracking pain
             ... invoked by Grinder
              (13 damage)
             ... on level 3 of the Dungeon.
             The game lasted 00:02:05 (2110 turns).

lunkers the Cudgeller (Armataur Reaver)             Turns: 2110, Time: 00:02:05

HP:   -9/28 (31)    AC:  5    Str: 19    XL:     3   Next: 66%
MP:   3/5           EV:  8    Int: 13    God:
Gold: 107           SH:  0    Dex:  8    Spells: 2/5 levels left

rFire   + . .      SeeInvis .    a - +0 mace
rCold   . . .      Faith    .    (no shield)
rNeg    . . .      Spirit   .    l - +0 ring mail {rF+}
rPois   .          Reflect  .    (no helmet)
rElec   .          Harm     .    (no cloak)
rCorr   .          Roll     +    (no gloves)
Will    .....                    (no barding)
Stlth   ..........               (no amulet)
HPRegen 0.24/turn                (no ring)
MPRegen 0.09/turn                (no ring)

@: immotile, drained
A: large, rugged brown scales 3, deformed body, armoured tail, roll, long
tongue, awkward tongue
a: no special abilities


You were on level 3 of the Dungeon.
You visited 1 branch of the dungeon, and saw 3 of its levels.

You collected 107 gold pieces.

Inventory:

Hand Weapons
 a - a +0 mace (weapon)
Missiles
 m - 10 stones
Armour
 b - a +0 leather armour
 h - a +0 plate armour
 l - a +0 ring mail of fire resistance (worn)
Scrolls
 c - a scroll of teleportation {unknown}
 d - 2 scrolls of enchant armour {unknown}
 e - a scroll of noise {unknown}
 f - 4 scrolls of identify {unknown}
 g - a scroll of magic mapping {unknown}
Potions
 i - 2 potions of mutation {unknown}
 j - a potion of might {unknown}
 k - a potion of lignification {unknown}
 n - 2 potions of cancellation {unknown}


   Skills:
 - Level 1.7 Fighting
 * Level 4.2 Maces & Flails
 - Level 1.3 Dodging
 - Level 1.7 Spellcasting
 - Level 2.6 Conjurations


You had 2 spell levels left.
You knew the following spells:

 Your Spells              Type           Power      Damage    Failure   Level
b - Momentum Strike       Conj/Tloc      8%         3d8       36%         2
p - Kiss of Death         Conj/Necr      16%        2d6       26%         1

Your spell library contained the following spells:

 Spells                   Type           Power      Damage    Failure   Level
 Hailstorm                Conj/Ice       4%         3d4       61%         3


Dungeon Overview and Level Annotations

Branches:
Dungeon (3/15)

Altars:

Annotations:
D:3 Grinder


Innate Abilities, Weirdness & Mutations

You are completely covered in rugged brown scales. (AC +3, +7% HP)
Armour fits poorly on your strangely shaped body.
You have a long armoured tail.
You roll when moving toward enemies. (Rampage)
Your long tongue fully drains potion bottles. (2x potion effects)
Your tongue gives you trouble enunciating. (1.5x scroll delay)


Message History

* * * LOW HITPOINT WARNING * * *
You writhe in agony.
* * * LOW HITPOINT WARNING * * *
Grinder hits you.
* * * LOW HITPOINT WARNING * * *
You writhe in agony.
* * * LOW HITPOINT WARNING * * *
Grinder blinks!
You can move again.
Unknown command.
Unknown command.
Unknown command.
This spell is quite dangerous to cast!
Memorise Momentum Strike, consuming 2 spell levels and leaving 2?
You start memorising the spell.
You continue memorising. x2
You finish memorising.
Spell assigned to 'a'.
Cast which spell? (? or * to list)
The spell is quite dangerous to miscast (36% risk of failure)!
Continue anyway?
Okay, then.
Casting: Momentum Strike (quite dangerous; 36% risk of failure)
Confirm with . or Enter, or press ? or * to list all spells.
The spell is quite dangerous to miscast (36% risk of failure)!
Continue anyway?
Aiming: Momentum Strike (quite dangerous; 36% risk of failure)
Press: ? - help, Dir - move target, f/p - Grinder
Aim: Grinder (heavily wounded, 64% to hit)
The concentrated momentum hits Grinder.
You are unable to move.
Adjust (i)tems, (s)pells, or (a)bilities?
Adjust which spell? a - Momentum Strike Adjust to which letter? b - Momentum Strike
Okay, then.
Throw: 11 stones
Press: ? - help, Shift-Dir - straight line, f/p - Grinder
Aim: Grinder (severely wounded, 47% to hit)
You throw a stone. The stone hits Grinder.
Grinder is severely wounded.
Grinder gestures at you. Pain shoots through your body!
You die...

...#.###....#.#......#####.......
..........###.##..##### #.######
..........##..........# #.#
...w..........##..##### #.#
.........#.##.##.## #..
.........#.5#....# ##.
.........##...#### #
#############(############
#(..5†@†........ #....###########
######


You could see Grinder.

Vanquished Creatures
  2 adders (D:2)
  A worm (D:3)
  4 bats (D:1)
  3 endoplasms
  A giant cockroach (D:1)
  2 goblins
  3 hobgoblins
  A quokka (D:2)
  5 ball pythons
  2 frilled lizards
  4 kobolds
  6 rats
34 creatures vanquished.

Notes
Turn   | Place    | Note
-------+----------+-------------------------------------------
     0 | D:1      | lunkers the Armataur Reaver began the quest for the Orb.
     0 | D:1      | Reached XP level 1. HP: 18/18 MP: 3/3
   126 | D:1      | Reached skill level 3 in Maces & Flails
   190 | D:1      | Reached XP level 2. HP: 25/25 MP: 4/4
  1079 | D:2      | Reached XP level 3. HP: 15/23 MP: 5/5
  1081 | D:2      | Reached skill level 4 in Maces & Flails
  2034 | D:3      | Noticed Grinder
  2102 | D:3      | Paralysed by Grinder for 4 turns
  2109 | D:3      | Learned a level 2 spell: Momentum Strike
  2110 | D:3      | Killed from afar by Grinder

Illustrated notes

Levels and vault maps discovered:
D:1:      ncdulo_lavacross, layout_basic, serial_forest,
          infiniplex_forest_lined_1, infiniplex_forest_clump_cross,
          infiniplex_forest_clump_curved, infiniplex_forest_clump_double,
          infiniplex_forest_lined_2, infiniplex_forest_lined_2,
          infiniplex_forest_split
D:2:      layout_loops_corners, minmay_misc_feat_diagonals
D:3:      layout_rooms, uniq_grinder

Skill      XL: |  1  2  3 |
---------------+----------+-----
Maces & Flails | 3 4 |  4.2
Fighting       | |  1.7
Dodging        | |  1.3
Spellcasting   | |  1.7
Conjurations   | |  2.6

Action                   || total
-------------------------++-------
Melee: Mace              ||   124
       Tailslap          ||     8
       Punch             ||     1
Throw: Javelin           ||     5
       Stone             ||     1
 Cast: Momentum Strike   ||     1
Armor: Leather armour    ||    46
       Ring mail         ||    18
Dodge: Dodged            ||    63

Table legend: (Time is in decaauts)
 A = Elapsed time spent in this place.
 B = Non-inter-level travel time spent in this place.
 C = Inter-level travel time spent in this place.
 D = Time resting spent in this place.
 E = Time spent auto-exploring this place.
 F = Levels seen in this place.
 G = Mean time per level.
                   A        B        C        D        E       F      G
               +--------+--------+--------+--------+--------+-----+--------+
         Total |   2139 |   1951 |    188 |      0 |   1640 |   3 |  713.0 |
       Dungeon |   2139 |   1951 |    188 |      0 |   1640 |   3 |  713.0 |
               +--------+--------+--------+--------+--------+-----+--------+

Top non-repeatable levels by time:
     D:2: 1083 daAuts
     D:1: 898 daAuts
     D:3: 156 daAuts
